 Dungeon Crawl Stone Soup version 0.21.1 (webtiles) character file.

116 Stimme the Insei (level 5, 0/34 HPs)
             Began as an Octopode Transmuter on Feb 3, 2018.
             Slain by an orc
             ... wielding a +0 hand axe
              (5 damage)
             ... on level 4 of the Dungeon.
             The game lasted 00:08:45 (3065 turns).

Stimme the Insei (Octopode Transmuter)              Turns: 3065, Time: 00:08:46

Health: 0/34       AC:  1    Str: 10      XL:     5   Next: 1%
Magic:  8/8        EV: 13    Int: 12 (15) God:
Gold:   66         SH:  0    Dex: 10 (13) Spells: 5/8 levels left

rFire    . . .     SeeInvis .     - Unarmed
rCold    . . .     Gourm    .   (no shield)
rNeg     . . .     Faith    .   (helmet restricted)
rPois    .         Spirit   .   (no amulet)
rElec    .         Reflect  .   (no ring)
rCorr    .         Harm     .   (no ring)
MR       .....                  (no ring)
Stlth    ++........             (no ring)
HPRegen  0.11/turn              (no ring)
MPRegen  0.11/turn              (no ring)
                                (no ring)
                                (no ring)

@: no status effects
A: almost no armour, stealthy swim, amphibious, 8 rings, constrict 8, camouflage
1, gelatinous body 1
a: no special abilities


You were on level 4 of the Dungeon.
You were hungry.

You visited 1 branch of the dungeon, and saw 4 of its levels.

You collected 66 gold pieces.

Inventory:

Missiles
 a - 141 arrows
 g - 4 poisoned javelins (quivered)
Scrolls
 d - a scroll of identify
 e - 2 scrolls of remove curse
 k - a scroll of fog
Potions
 i - 3 potions of curing
 j - 2 potions of haste
Books
 b - a book of Changes

   Spells                             Type                      Level
   a - Beastly Appendage              Transmutation                1
   b - Sticks to Snakes               Transmutation                2
   c - Spider Form                    Transmutation/Poison         3
   d - Ice Form                       Ice/Transmutation            4
   e - Blade Hands                    Transmutation                5
 h - a book of Misfortune

   Spells                             Type                      Level
   a - Confusing Touch                Hexes                        1
   b - Confuse                        Hexes                        3
   c - Gell's Gravitas                Translocation                3
   d - Petrify                        Transmutation/Earth          4
   e - Metabolic Englaciation         Hexes/Ice                    5
   f - Yara's Violent Unravelling     Hexes/Transmutation          5
Comestibles
 c - 5 rations


   Skills:
 * Level 2.1 Fighting
 * Level 3.0 Dodging
 - Level 0.4 Stealth
 * Level 3.8 Unarmed Combat
 + Level 2.4 Spellcasting
 + Level 2.5 Transmutations


You had 5 spell levels left.
You knew the following spells:

 Your Spells              Type           Power        Failure   Level  Hunger
a - Beastly Appendage     Tmut           #.....       9%          1    ##.....
b - Sticks to Snakes      Tmut           #.......     14%         2    ###....


Dungeon Overview and Level Annotations

Branches:
Dungeon (4/15)
 Temple: D:4-7

Altars:

Portals:
Abyss: D:1***


Innate Abilities, Weirdness & Mutations

You cannot wear most types of armour.
You are very stealthy in the water. (Stealth+)
You are amphibious.
You can wear up to eight rings at the same time.
You can use your tentacles to constrict eight enemies at once.
Your skin changes colour to match your surroundings (Stealth+).
Your rubbery body absorbs attacks. (AC +1, EV +1)


Message History

The orc hits you with a war axe!
There is a stone staircase leading down here.
The orc barely misses you. The orc hits you with a war axe.
* * * LOW HITPOINT WARNING * * *
You climb downwards.
A scorpion comes into view.
Found a scroll labeled NIOLLU CORPHUIPN.
There is a stone staircase leading up here.
You barely miss the orc. You grab the orc.
You constrict the orc, but do no damage.
You bludgeon the orc!
You kill the orc!
You have reached level 5!
You feel stronger. The orc barely misses you.
You closely miss the orc. You grab the orc. You squeeze the orc.
The orc is moderately wounded.
You constrict the orc, but do no damage.
The orc hits you with a hand axe.
You die...

#. #. # #.
.# #. .#
#? #.##
#.#s..##
#......#.#
#.@o......
#.).......
#........#
###...##.#
...# .
####


You could see a scorpion and an orc.

Vanquished Creatures
  Robin (D:1)
  4 adders
  2 worms (D:2)
  A leopard gecko (D:1)
  6 orcs
  4 giant cockroaches
  12 goblins
  11 hobgoblins
  A ball python (D:3)
  5 bats
  4 frilled lizards
  2 kobolds
  7 rats
60 creatures vanquished.

Notes
Turn   | Place    | Note
-------+----------+-------------------------------------------
     0 | D:1      | Stimme the Octopode Transmuter began the quest for the Orb.
     0 | D:1      | Reached XP level 1. HP: 13/13 MP: 3/3
   109 | D:1      | Reached XP level 2. HP: 18/18 MP: 5/5
   767 | D:2      | Noticed Robin
   976 | D:1      | Learned a level 2 spell: Sticks to Snakes
   985 | D:1      | Killed Robin
   985 | D:1      | Reached XP level 3. HP: 11/23 MP: 6/6
  1506 | D:2      | Reached XP level 4. HP: 17/28 MP: 7/7
  2801 | D:3      | Found a faded altar of an unknown god.
  3064 | D:4      | Reached XP level 5. HP: 5/34 MP: 8/8
  3065 | D:4      | Slain by an orc

Skill      XL: |  1  2  3  4 |
---------------+-------------+-----
Fighting       | 2 |  2.1
Dodging        | 3 |  3.0
Stealth        | |  0.4
Unarmed Combat | |  3.8
Spellcasting   | |  2.4
Transmutations | |  2.5

Action                   |  1- 3 |  4- 6 || total
-------------------------+-------+-------++-------
Melee: Unarmed           |    89 |    67 ||   156
       Constrict         |    16 |    16 ||    32
       Tentacles         |    13 |     8 ||    21
  Use: Scroll            |     3 |     6 ||     9
       Potion            |     1 |     3 ||     4
 Stab: Sleeping          |     5 |     1 ||     6
  Eat: Chunk             |     1 |     5 ||     6
Armor: Skin              |     3 |     4 ||     7
Dodge: Dodged            |    58 |    38 ||    96
